 Dungeon Crawl Stone Soup version 0.28-a0-1447-ga5a8893891 (webtiles) character file.

Game seed: 12170218073929926410

158144 dolemite99 the Impaler (level 17, -3/134 (138) HPs)
             Began as a Minotaur Monk on Jan 11, 2022.
             Was the Champion of Hepliaklqana.
             Slain by a spectral snapping turtle (12 damage)
             ... called from beyond by a ghost crab
             ... on level 4 of the Swamp.
             The game lasted 00:59:38 (40137 turns).

dolemite99 the Impaler (Minotaur Monk)             Turns: 40137, Time: 00:59:39

HP:   -3/134 (138)  AC: 26    Str: 21    XL:     17   Next: 13%
MP:   23/23         EV: 10    Int:  7    God:    Hepliaklqana [******]
Gold: 2576          SH:  0    Dex: 16    Spells: 16/16 levels left

rFire   + . .      SeeInvis .   b - +2 longbow (flame)
rCold   . . .      Faith    .   (shield currently unavailable)
rNeg    . . .      Spirit   .   j - +2 plate armour {rF+}
rPois   +          Reflect  .   (helmet restricted)
rElec   .          Harm     .   I - +2 cloak {Stlth+}
rCorr   .          Rampage  .   R - +0 pair of gloves
Will    +....                   K - +1 pair of boots {Fly}
Stlth   ..........              z - amulet of regeneration
HPRegen 1.12/turn               c - +4 ring of slaying {=R}
MPRegen 0.18/turn               h - ring of poison resistance

@: flying, lightly drained
A: reduced essence, horns 2, retaliatory headbutt
a: Renounce Religion, Recall Ancestor, Ancestor Identity, Transference, Idealise


You were on level 4 of the Swamp.
You worshipped Hepliaklqana.
Hepliaklqana was exalted by your worship.
You visited 5 branches of the dungeon, and saw 27 of its levels.
You also visited: Sewer.

You collected 3612 gold pieces.
You spent 1036 gold pieces at shops.

Inventory:

Hand Weapons
 a - a +2 antimagic glaive
 b - a +2 longbow of flaming (weapon)
 l - a +0 trident of protection
 w - the +7 shortbow of the Whelk {flame, rF+ rCorr Str-2 Int+4}
   (You found it on level 4 of the Dungeon)

   Any ammunition fired from it burns those it strikes, dealing additional fire
   damage.
   Str:       It affects your strength (-2).
   Int:       It affects your intelligence (+4).
   rF:        It protects you from fire.
   rCorr:     It protects you from acid and corrosion.
Missiles
 m - 181 sling bullets
 o - 565 stones
 s - 4 throwing nets
 F - 14 boomerangs
 G - 317 arrows (quivered ammo)
Armour
 d - a +2 chain mail of cold resistance
 j - a +2 plate armour of fire resistance (worn)
 I - a +2 cloak of stealth (worn)
 K - a +1 pair of boots of flying (worn)
 R - a +0 pair of gloves (worn)
 X - a +1 cloak
Jewellery
 c - a +4 ring of slaying (left hand) {=R}
 f - a ring of fire
 h - a ring of poison resistance (right hand)
 x - an amulet of faith
 y - a ring of fire
 z - an amulet of regeneration (around neck)
 B - a ring of see invisible
 E - a +6 ring of strength
 M - a +4 ring of evasion
 W - a ring of ice
Wands
 e - a wand of flame (65)
 n - a wand of paralysis (4)
 p - a wand of polymorph (15)
 v - a wand of mindburst (32)
 J - a wand of acid (8)
 Y - a wand of digging (4)
Scrolls
 i - 2 scrolls of teleportation
 t - a scroll of brand weapon
 C - 6 scrolls of immolation
 N - a scroll of magic mapping
 S - a scroll of fog
 U - 5 scrolls of vulnerability
 V - 6 scrolls of identify {@r1}
Potions
 g - 6 potions of lignification
 k - a potion of brilliance
 q - a potion of cancellation
 r - 5 potions of resistance
 u - 2 potions of flight
 A - 2 potions of berserk rage
 D - 4 potions of ambrosia
 O - a potion of curing
 P - a potion of attraction
 Q - 5 potions of mutation
 T - 3 potions of haste
 Z - 2 potions of might
Miscellaneous
 L - a condenser vane (inert)


   Skills:
 - Level 14.4 Fighting
 - Level 20.0 Polearms
 - Level 19.7 Bows
 - Level 14.6 Armour
 + Level 7.7 Dodging
 - Level 1.5 Stealth
 - Level 10.1 Invocations
 - Level 7.1 Evocations


You had 16 spell levels left.
You didn't know any spells.
Your spell library contained the following spells:

 Spells                   Type           Power      Damage    Failure   Level
 Animate Skeleton         Necr           0%         N/A       99%         1
 Apportation              Tloc           0%         N/A       99%         1
 Freeze                   Ice            0%         1d3       99%         1
 Magic Dart               Conj           0%         1d3       99%         1
 Sandblast                Erth           0%         2d4       99%         1
 Summon Small Mammal      Summ           0%         N/A       99%         1
 Passwall                 Tmut/Erth      0%         N/A       100%        2
 Searing Ray              Conj           0%         2d4       100%        2
 Call Canine Familiar     Summ           0%         N/A       100%        3
 Dazzling Flash           Conj/Hex       0%         N/A       100%        3
 Frozen Ramparts          Ice            0%         1d2       100%        3
 Gell's Gravitas          Tloc           0%         N/A       100%        3
 Lesser Beckoning         Tloc           0%         N/A       100%        3
 Portal Projectile        Hex/Tloc       0%         N/A       100%        3
 Stone Arrow              Conj/Erth      0%         3d7       100%        3
 Teleport Other           Tloc           0%         N/A       100%        3
 Airstrike                Air            0%         N/A       100%        4
 Fulminant Prism          Conj/Hex       0%         3d6       100%        4
 Hailstorm                Conj/Ice       0%         3d3       100%        4
 Iskenderun's Mystic Bla  Conj/Tloc      0%         2d3       100%        4
 Leda's Liquefaction      Hex/Erth       0%         N/A       100%        4
 Summon Lightning Spire   Summ/Air       0%         N/A       100%        4
 Agony                    Necr           0%         N/A       100%        5
 Lee's Rapid Deconstruct  Erth           0%         3d5*      100%        5
 Lightning Bolt           Conj/Air       0%         1d11      100%        5
 Silence                  Hex/Air        0%         N/A       100%        5
 Summon Forest            Summ/Tloc      0%         N/A       100%        5
 Eringya's Noxious Bog    Tmut/Pois      0%         N/A       100%        6
 Starburst                Conj/Fire      0%         6d3       100%        6
 Statue Form              Tmut/Erth      0%         N/A       100%        6
 Summon Hydra             Summ           0%         N/A       100%        7


Dungeon Overview and Level Annotations

Branches:
Dungeon (15/15)            Temple (1/1) D:6            Lair (5/6) D:11
  Swamp (4/4) Lair:4       Spider (0/4) Lair:4          Orc (2/2) D:10
    Elf (0/3) Orc:2        Vaults (0/5) D:14         Depths (0/4) D:15
  Sewer (visited)
  Slime: Lair:5-6

Altars:
Ashenzari
Cheibriados
Dithmenos
Elyvilon
Fedhas
Gozag
Hepliaklqana
Kikubaaqudgha
Makhleb
Nemelex Xobeh
Okawaru
Uskayaw
Wu Jian
Xom
The Shining One
Beogh
Jiyva

Shops:
D:2 !   D:5 =   D:7 (   D:12 [   Orc:1 *   Orc:2 [[:(*

Portals:
Trove: D:14 (give 18 scrolls of teleportation)

Annotations:
D:3 2 runed translucent doors, pigah's ghost, amateur OpWn
D:4 3 runed translucent doors, wanderlust's ghost, weakling KoDe
D:10 2 transporters, ReploidZero's ghost, journeyman KoBr
D:14 vaults! wiz
Lair:2 3 runed translucent doors, AigisTheKnight's ghost, journeyman GrIE
Lair:3 2 runed translucent doors, Veysay's ghost, journeyman DjWz
Lair:5 exclusion: 2 oklob plants


Innate Abilities, Weirdness & Mutations

Your life essence is reduced to manifest your ancestor. (-10% HP)
You have a pair of horns on your head.
You reflexively headbutt those who attack you in melee.


Message History

The spectral snapping turtle bites you from afar.
* * * LOW HITPOINT WARNING * * *
You are engulfed in spectral mist.
The spectral fenstrider witch barely misses you.
You furiously retaliate!
You headbutt the spectral fenstrider witch!
The spectral fenstrider witch barely misses you.
The ghost crab breathes spectral mist at you.
The spectral mist engulfs you but does no damage.
The spectral four-headed hydra bites you but does no damage.
The spectral four-headed hydra bites you!
* * * LOW HITPOINT WARNING * * *
The spectral four-headed hydra bites you but does no damage. x2
The spectral snapping turtle bites you but does no damage.
Fire: 319 arrows
Press: ? - help, Q - select action, (/) - cycle Shift-Dir - straight line, f - spectral four-headed hydra, p - ghost crab
Aim: a spectral four-headed hydra (spectral mist, water, heavily damaged, summoned, dazed, 98% to hit)
You shoot an arrow.
The arrow hits the spectral four-headed hydra!
The arrow burns the spectral four-headed hydra.
The spectral four-headed hydra is heavily damaged.
You hear a splash.
You are engulfed in spectral mist.
* * * LOW HITPOINT WARNING * * *
The spectral fenstrider witch is lost in a daze.
A bloated husk comes into view.
Fire: 318 arrows
Press: ? - help, Q - select action, (/) - cycle Shift-Dir - straight line, f/p - spectral four-headed hydra
Aim: a spectral four-headed hydra (spectral mist, water, heavily damaged, summoned, dazed, 98% to hit)
You shoot an arrow.
The arrow hits the spectral four-headed hydra!!
The arrow burns the spectral four-headed hydra.
The spectral four-headed hydra is almost destroyed.
You hear a splash.
The spectral four-headed hydra fades away!
The spectral fenstrider witch hits you.
* * * LOW HITPOINT WARNING * * *
The spectral fenstrider witch closely misses you.
The spectral snapping turtle bites you from afar!
You die...

#.!##.### .....°≈≈#
....n≈nZ## #(☼##
#°t☼## ####°Z≈## #
##○.Z°Z≈○## ##
##≈°.Z°○§°≈# ≈#
###(°≈###@Z○.#
≈#######..((###§§§°##
≈≈##°...○..####§Z☼##
≈≈≈#○...○####.☼§.##
≈≈≈((°)≈####.....#
≈≈....####....=###
†≈..####≈.....##
≈#### #....### ≈#
##.###


You could see a ghost crab (dazed), 2 spectral death drakes, a spectral snapping
turtle (summoned, dazed), a spectral alligator snapping turtle (summoned,
dazed), a spectral spriggan berserker (summoned), a spectral spriggan air mage
(summoned), a spectral fenstrider witch (summoned, dazed) and a bloated husk.

Vanquished Creatures
  Jorgrun (D:12)
  Mlioglotl (Swamp:3)
  Frances (Swamp:1)
  3 thorn hunters (Swamp:2)
  A tengu reaver (D:14)
  An orc warlord (Orc:1)
  Nessos (D:12)
  3 eleionomae
  3 bunyips
  Snorg (Orc:2)
  A great orb of eyes (D:15)
  2 shambling mangroves (Swamp:2)
  3 vault guards (D:14)
  Fannar (D:12)
  11 hydras
  2 rakshasas
  3 boulder beetles
  Erica (D:9)
  5 two-headed ogres
  2 catoblepae
  5 alligators
  2 death knights (D:14)
  8 centaur warriors
  3 tengu warriors
  A spriggan berserker (Swamp:2)
  Sonja (Lair:2)
  4 skeletal warriors (D:14)
  4 goliath frogs
  5 spriggan druids
  2 swamp dragons
  A wizard (D:14)
  5 bog bodies
  2 deep elf pyromancers
  2 necromancers (D:14)
  3 orc knights
  3 orc sorcerers (Orc:2)
  31 ugly things
  2 oklob plants (Swamp:2)
  8 cyclopes
  5 will-o-the-wisps
  A moth of wrath (shapeshifter) (D:14)
  4 black mambas
  A torpor snail (Lair:3)
  2 gargoyles
  7 cane toads
  4 elephants
  A komodo dragon (Lair:5)
  4 swamp worm zombies (Swamp:4)
  2 rime drakes (Lair:3)
  A yaktaur (D:14)
  An unseen horror (D:12)
  2 efreet (D:14)
  2 tengu conjurers
  4 trolls
  2 hydra zombies (Swamp:4)
  A queen bee (shapeshifter) (D:13)
  3 polar bears
  A meliai (D:14)
  4 slime creatures
  3 tyrant leeches
  2 spectral swamp dragons (Swamp:4)
  4 dream sheep (Lair:3)
  7 hornets
  18 blink frogs
  5 spriggans
  6 shadows
  4 wyverns
  25 yaks
  2 hogs (D:15)
  3 wraiths
  A basilisk (shapeshifter) (D:14)
  15 humans (D:14)
  12 vampire mosquitoes
  A redback (shapeshifter) (D:14)
  2 steam dragons
  Menkaure (D:5)
  A warg (Orc:1)
  11 swamp worms
  2 acid dragons
  13 water moccasins
  20 orc warriors
  A sky beast (D:7)
  A hornet zombie (D:7)
  An ice beast (D:7)
  A necrophage (D:6)
  A swamp drake (Swamp:4)
  4 ogres
  A swamp dragon zombie (Swamp:4)
  2 black bears
  6 wolves (Lair:3)
  3 boggarts (D:14)
  11 centaurs
  3 phantoms
  2 kobold brigands
  9 bullfrogs
  A scorpion (shapeshifter) (D:15)
  3 scorpions
  A water moccasin zombie (D:5)
  A wyvern skeleton (D:6)
  2 water moccasin skeletons
  32 killer bees
  2 wights (D:7)
  An electric eel (Lair:4)
  2 howler monkeys (D:7)
  3 centaur zombies
  2 hounds
  2 centaur skeletons
  20 orc priests
  3 jellies
  A scorpion zombie (D:3)
  5 iguanas
  14 orc wizards
  3 spectral swamp drakes (Swamp:4)
  A howler monkey zombie (D:9)
  9 gnolls
  A howler monkey skeleton (D:7)
  A swamp drake zombie (Swamp:4)
  9 adders
  7 river rats
  A white imp (D:5)
  An ufetubus (D:4)
  An adder skeleton (D:4)
  3 worms
  3 dart slugs
  61 orcs
  10 ball pythons
  9 endoplasms
  4 giant cockroaches
  5 hobgoblins
  7 bats
  2 frilled lizards
  8 goblins
  24 kobolds
  31 rats
691 creatures vanquished.

Vanquished Creatures (collateral kills)
  Kirke (D:15)
  A thorn hunter (Swamp:2)
  An eleionoma (Swamp:4)
  4 bunyips
  A shambling mangrove (Swamp:4)
  A ghost crab (Swamp:2)
  A hydra (Lair:3)
  2 centaur warriors (D:14)
  A two-headed ogre (D:14)
  A catoblepas (D:15)
  A tengu warrior (D:13)
  An orc high priest (Orc:2)
  Urug (Lair:5)
  2 spriggan druids (Swamp:2)
  A goliath frog (Swamp:2)
  2 spectral hydras (Swamp:4)
  A bog body (Swamp:1)
  A wizard (D:14)
  A lindwurm (Lair:5)
  A phantasmal warrior (Swamp:4)
  An orc knight (Orc:2)
  12 ugly things
  A cyclops (D:14)
  3 will-o-the-wisps
  2 orc sorcerers (Orc:2)
  A manticore (D:14)
  2 elephants (Lair:4)
  A black mamba (Lair:2)
  Maurice (D:13)
  A gargoyle (D:14)
  3 komodo dragons
  An unseen horror (D:12)
  Maggie (Lair:1)
  A rime drake (Lair:3)
  A freezing wraith (D:14)
  A yaktaur (D:14)
  3 swamp worm zombies (Swamp:4)
  A tengu conjurer (D:14)
  3 hydra zombies (Swamp:4)
  A queen bee (Lair:3)
  A polar bear (Lair:4)
  4 trolls
  A bloated husk (Swamp:4)
  3 hornets
  7 blink frogs
  An alligator zombie (Swamp:4)
  2 spriggans
  A vampire (D:10)
  2 wyverns
  3 humans (D:14)
  A hog (D:15)
  11 yaks
  A vampire mosquito (D:13)
  A swamp worm (Swamp:1)
  A warg (Orc:2)
  6 water moccasins
  A swamp dragon zombie (Swamp:4)
  2 swamp drakes
  7 orc warriors
  A necrophage (D:6)
  A sky beast (D:7)
  3 ogres
  2 centaurs
  2 wolves (Lair:3)
  A phantom (Swamp:4)
  3 bullfrogs
  7 killer bees
  A wight (D:7)
  A centaur zombie (D:9)
  An orc priest (Orc:2)
  5 orc wizards
  2 gnolls
  10 orcs
  A butterfly (Lair:5)
164 creatures vanquished.

Vanquished Creatures (others)
  A ghost crab (Swamp:4)
  An alligator (Swamp:2)
  5 bloated husks
  2 hornets (Swamp:2)
  2 centaur simulacra (D:14)
  A swamp worm (Swamp:1)
  An orc warrior (Orc:2)
  2 swamp drakes (Swamp:1)
  2 phantoms (Swamp:4)
  19 knights
  An orc wizard (Orc:2)
  42 foxfires
  49 fungi
  30 plants
158 creatures vanquished.

Grand Total: 1013 creatures vanquished

Notes
Turn   | Place    | Note
-------+----------+-------------------------------------------
     0 | D:1      | dolemite99 the Minotaur Monk began the quest for the Orb.
     0 | D:1      | Reached XP level 1. HP: 19/19 MP: 0/0
   243 | D:1      | Reached skill level 4 in Polearms
   418 | D:1      | Reached XP level 2. HP: 21/26 MP: 1/1
  1290 | D:2      | Identified the +9 dagger of Duoxouxkan {protect, Int+3
                  | Dex+3}
  1306 | D:2      | Reached skill level 5 in Polearms
  1771 | D:2      | Reached XP level 3. HP: 31/31 MP: 2/2
  1893 | D:2      | Found Haoff's Distillery.
  1911 | D:2      | Bought a potion of might for 48 gold pieces
  2316 | D:3      | Reached skill level 6 in Polearms
  2316 | D:3      | Reached XP level 4. HP: 39/39 MP: 3/3
  2412 | D:3      | Reached XP level 5. HP: 41/45 MP: 4/4
  2449 | D:3      | Noticed an ogre
  2450 | D:3      | Reached skill level 7 in Polearms
  2464 | D:3      | Killed an ogre
  3012 | D:3      | Reached skill level 8 in Polearms
  3086 | D:3      | Reached XP level 6. HP: 44/51 MP: 5/5
  3283 | D:3      | Found a large runed translucent door.
  3283 | D:3      | Found a large runed translucent door.
  3286 | D:3      | Noticed pigah's ghost (amateur OpWn)
  4107 | D:4      | Identified the +7 shortbow of the Whelk {flame, rF+ rCorr
                  | Str-2 Int+4}
  4125 | D:4      | Found a glowing drain.
  4134 | Sewer    | Entered a sewer
  4163 | Sewer    | Reached skill level 1 in Bows
  5589 | D:4      | Found a runed translucent gate.
  5590 | D:4      | Found a runed translucent gate.
  5590 | D:4      | Found an opulent altar of Gozag.
  5677 | D:4      | Reached XP level 7. HP: 57/57 MP: 6/6
  5772 | D:4      | Identified the +2 war axe of Guile {chaos, Drain *Slow rN+
                  | Str+5}
  6066 | D:4      | Found a runed translucent gate.
  6068 | D:4      | Noticed wanderlust's ghost (weakling KoDe)
  6127 | D:4      | Reached skill level 5 in Bows
  6293 | D:5      | Entered Level 5 of the Dungeon
  6403 | D:5      | Found Hetail's Jewellery Boutique.
  6425 | D:5      | Bought a ring of see invisible for 150 gold pieces
  6616 | D:5      | Reached XP level 8. HP: 62/64 MP: 7/7
  6799 | D:5      | Noticed Menkaure
  6802 | D:5      | Killed Menkaure
  8049 | D:6      | Found a staircase to the Ecumenical Temple.
  8072 | Temple   | Entered the Ecumenical Temple
  8205 | Temple   | Became a worshipper of Hepliaklqana the Forgotten
  8205 | Temple   | Reached * piety under Hepliaklqana
  8205 | Temple   | Reached ** piety under Hepliaklqana
  8206 | Temple   | Remembered your ancestor Tiberius as a knight
  8248 | D:6      | Reached skill level 9 in Polearms
  8578 | D:6      | Reached skill level 10 in Polearms
  8624 | D:6      | Identified the +6 chain mail of Mezcal {rN++ Int-5 Dex+5}
  9395 | D:7      | Reached skill level 11 in Polearms
  9395 | D:7      | Reached XP level 9. HP: 63/63 MP: 8/8
  9452 | D:7      | Reached skill level 12 in Polearms
  9611 | D:7      | Reached skill level 13 in Polearms
  9677 | D:7      | Reached *** piety under Hepliaklqana
  9730 | D:7      | Found Zysmos's Weapon Boutique.
  9807 | D:7      | Found a white marble altar of Elyvilon.
 10277 | D:8      | Reached skill level 14 in Polearms
 11031 | D:8      | Noticed a two-headed ogre
 11036 | D:8      | Reached XP level 10. HP: 62/69 MP: 9/9
 11040 | D:8      | Killed a two-headed ogre
 11041 | D:8      | Reached skill level 5 in Armour
 11634 | D:9      | Reached **** piety under Hepliaklqana
 11648 | D:9      | Noticed Erica
 11665 | D:9      | Killed Erica
 12231 | D:9      | Reached skill level 10 in Armour
 12503 | D:10     | Entered Level 10 of the Dungeon
 12681 | D:10     | Found a staircase to the Orcish Mines.
 12713 | D:10     | Reached skill level 5 in Fighting
 12911 | D:10     | Found a transporter.
 12913 | D:10     | Noticed a manticore
 12913 | D:10     | Noticed a deep elf knight
 12914 | D:10     | Noticed ReploidZero's ghost (journeyman KoBr)
 12915 | D:10     | Noticed a gargoyle
 12915 | D:10     | Found a transporter.
 12962 | D:10     | Noticed a brown ugly thing
 12970 | D:10     | Killed a brown ugly thing
 13276 | D:10     | Reached XP level 11. HP: 66/81 MP: 10/10
 13710 | D:10     | Reached ***** piety under Hepliaklqana
 13915 | D:11     | Found a staircase to the Lair.
 13925 | Lair:1   | Entered Level 1 of the Lair of Beasts
 13969 | Lair:1   | Noticed a six-headed hydra
 13976 | Lair:1   | Killed a six-headed hydra
 14007 | Lair:1   | Noticed a four-headed hydra
 14009 | Lair:1   | Reached skill level 1 in Evocations
 14177 | D:11     | Killed a four-headed hydra
 14910 | Lair:1   | Noticed Maggie
 14917 | Lair:1   | Killed Maggie
 14918 | Lair:1   | Reached skill level 5 in Evocations
 15825 | Lair:2   | Noticed Sonja
 15830 | Lair:2   | Killed Sonja
 16333 | Lair:2   | Reached skill level 1 in Invocations
 16368 | Lair:2   | Noticed a catoblepas
 16385 | Lair:2   | Killed a catoblepas
 16662 | Lair:2   | Reached XP level 12. HP: 83/93 MP: 13/13
 16665 | Lair:2   | Found a runed translucent gate.
 16665 | Lair:2   | Found a runed translucent gate.
 16849 | Lair:2   | Found a runed translucent gate.
 16849 | Lair:2   | Noticed AigisTheKnight's ghost (journeyman GrIE)
 17151 | Lair:2   | Found a viscous altar of Jiyva.
 17349 | Lair:3   | Reached skill level 5 in Invocations
 18014 | Lair:3   | Found a large runed translucent door.
 18015 | Lair:3   | Found a large runed translucent door.
 18041 | Lair:3   | Reached skill level 10 in Bows
 18389 | Lair:3   | Noticed a five-headed hydra
 18399 | Lair:3   | Killed a five-headed hydra
 19036 | Lair:3   | Noticed Veysay's ghost (journeyman DjWz)
 19161 | Lair:4   | Reached XP level 13. HP: 99/99 MP: 17/17
 19331 | Lair:4   | Found a staircase to the Swamp.
 19889 | Lair:4   | Identified 2 scrolls of acquirement
 19889 | Lair:4   | Acquired a manual of Bows
 19952 | Lair:4   | Reached ****** piety under Hepliaklqana
 20121 | Lair:4   | Acquired 614 gold pieces
 20313 | Lair:4   | Found a hole to the Spider Nest.
 20990 | Lair:5   | Reached skill level 10 in Fighting
 21019 | Lair:5   | Noticed Urug
 21029 | Lair:5   | Killed Urug
 22783 | D:12     | Found Wamyt's Antique Armour Shop.
 23022 | D:12     | Noticed Jorgrun
 23032 | D:12     | Killed Jorgrun
 23332 | D:12     | Noticed Fannar
 23355 | D:12     | Killed Fannar
 23630 | D:12     | Noticed Nessos
 23646 | D:12     | Killed Nessos
 24306 | Orc:1    | Entered Level 1 of the Orcish Mines
 24490 | Orc:2    | Entered Level 2 of the Orcish Mines
 24494 | Orc:2    | Reached skill level 15 in Bows
 24525 | Orc:2    | Reached XP level 14. HP: 96/113 MP: 14/18
 24817 | Orc:1    | Found Ixin's Mass Market.
 25371 | Orc:2    | Noticed Snorg
 25379 | Orc:2    | Killed Snorg
 25466 | Orc:2    | Noticed an orc warlord
 26378 | Orc:1    | Killed an orc warlord
 26558 | Orc:2    | Found a staircase to the Elven Halls.
 26689 | Orc:2    | Reached skill level 15 in Polearms
 26723 | Orc:2    | Found Fuzoshrouju's Antique Weapon Emporium.
 26733 | Orc:2    | Found Iwnoan's Antique Armour Emporium.
 27010 | Orc:2    | Found Kuryonnu's Book Emporium.
 27053 | Orc:2    | Found Fujom's Antique Armour Boutique.
 27175 | Orc:2    | Found Qabb's General Store.
 27317 | Orc:2    | Bought a twisted cloak for 152 gold pieces
 27317 | Orc:2    | Identified the -3 cloak of Ischyular {rC+ Int+2 Dex+4} (You
                  | bought it in a shop on level 2 of the Orcish Mines)
 27351 | Orc:2    | Bought a potion of resistance for 110 gold pieces
 27802 | D:13     | Noticed Maurice
 27807 | D:13     | Killed Maurice
 28978 | D:14     | Found a portal to a secret trove of treasure.
 29162 | D:14     | Reached XP level 15. HP: 117/119 MP: 19/19
 29369 | D:14     | Reached skill level 16 in Polearms
 30164 | D:14     | Noticed a tengu reaver
 30181 | D:14     | HP: 4/115 [tengu reaver/bolt of lightning (36)]
 30183 | D:14     | Killed a tengu reaver
 30965 | D:14     | Found a gate to the Vaults.
 31007 | D:15     | Entered Level 15 of the Dungeon
 31106 | D:15     | Noticed Kirke
 31115 | D:15     | Killed Kirke
 32435 | D:15     | Found an ornate altar of the Wu Jian Council.
 32480 | D:15     | Reached skill level 17 in Polearms
 33045 | D:15     | Reached XP level 16. HP: 131/131 MP: 22/22
 33398 | D:15     | Found a staircase to the Depths.
 33790 | D:2      | Bought a potion of resistance for 120 gold pieces
 33790 | D:2      | Bought a potion of haste for 120 gold pieces
 33790 | D:2      | Bought a potion of heal wounds for 60 gold pieces
 33790 | D:2      | Bought a potion of heal wounds for 60 gold pieces
 33790 | D:2      | Bought a potion of invisibility for 96 gold pieces
 34022 | Orc:2    | Bought a glowing chain mail for 120 gold pieces
 34204 | Swamp:1  | Entered Level 1 of the Swamp
 34206 | Swamp:1  | Noticed Frances
 34222 | Swamp:1  | Found a frozen archway.
 34369 | Swamp:1  | Killed Frances
 34696 | Swamp:1  | Reached skill level 10 in Invocations
 35973 | Swamp:2  | Noticed a thorn hunter
 35978 | Swamp:2  | Killed a thorn hunter
 36137 | Swamp:2  | Reached skill level 18 in Polearms
 36269 | Swamp:2  | Noticed a thorn hunter
 36275 | Swamp:2  | Killed a thorn hunter
 36768 | Swamp:2  | Noticed a thorn hunter
 36776 | Swamp:2  | Killed a thorn hunter
 37127 | Swamp:2  | Reached skill level 19 in Polearms
 37182 | Swamp:2  | Noticed a thorn hunter
 37189 | Swamp:2  | Killed a thorn hunter
 37592 | Swamp:3  | Noticed Mlioglotl
 37598 | Swamp:3  | Killed Mlioglotl
 39060 | Swamp:4  | Entered Level 4 of the Swamp
 39079 | Swamp:4  | Reached skill level 20 in Polearms
 39798 | Swamp:4  | Reached skill level 5 in Dodging
 39851 | Swamp:4  | Reached XP level 17. HP: 126/138 MP: 23/23
 40137 | Swamp:4  | Slain by a spectral snapping turtle

Illustrated notes

Levels and vault maps discovered:
D:1:      dpeg_arrival_windows_large_door, layout_rooms
D:2:      layout_basic, serial_shops, nicolae_shop_waterfront
D:3:      minmay_inner_zag, layout_loops_ring, ebering_ghost_disaster_area,
          grunt_ministairs_10, minmay_starry_boxes
D:4:      layout_basic, ebering_ghost_gozag, cheibrodos_sewer_entry_drain
D:5:      layout_cave_pods, serial_shops, nicolae_diamond_shop, uniq_menkaure
D:6:      layout_layer_cave, minmay_temple_entry_enclosed_plants
D:7:      minmay_evil_eye, layout_rooms, elyvilon_altar_1, serial_shops, shop
D:8:      layout_gridville, serial_glass, glass_columns_c, glass_columns_c,
          serial_park_tiny_2, minivault_11, kennysheep_generic_room_11
D:9:      layout_rooms, minmay_misc_feat_iff, uniq_erica
D:10:     layout_loops_corners, david_orc_2, gammafunk_ghost_arena
D:11:     layout_loops_ring, lair_entry_dummy
D:12:     layout_irregular_city, serial_shops, shop, kennysheep_cluttered_room,
          uniq_nessos, uniq_jorgrun, uniq_fannar
D:13:     layout_rooms, uniq_maurice
D:14:     nzn_winding_woodlands_stair_cross [nzn_winding_woodlands_5x15_parted,
          nzn_winding_woodlands_center_triple_pond,
          nzn_winding_woodlands_5x15_longhouse, nzn_winding_woodlands_5x5_three,
          nzn_winding_woodlands_5x5_default, nzn_winding_woodlands_5x15_eye,
          nzn_winding_woodlands_center_pierced_h,
          nzn_winding_woodlands_5x15_sawtooth], layout_basic,
          grunt_vaults_entry_tiered, minivault_23, enter_trove_1
D:15:     gammafunk_enter_depths_forms, layout_cave_pods,
          minmay_misc_feat_diagonals, drop_trap,
          nicolae_wu_jian_immortal_techniques, uniq_kirke
Temple:   roderic_octagonal_lattice_temple
Lair:1:   layout_misc_corridors, infiniplex_staircase_pool_2, uniq_maggie
Lair:2:   layout_layer_cave, gammafunk_ghost_ooze, minivault_27, uniq_sonja
Lair:3:   regret_index_bee_streams, layout_regular_city,
          ebering_ghost_disaster_area
Lair:4:   layout_regular_city, minmay_swamp_entry_wisps, dummy_spider_entry,
          infiniplex_staircase_pool
Lair:5:   layout_gridlike, minmay_slime_entry_oklob_enclosed,
          lemuel_fruit_fields, uniq_urug
Swamp:1:  layout_falls_marsh, portal_ice_cave_entry_ugly_swarm,
          evilmike_swamp_ruin_house_6, swamp_pool5, uniq_frances
Swamp:2:  nicolae_swamp_phyte_club, layout_falls_marsh,
          evilmike_swamp_ruin_rubble_1, swamp_pool1, statue_in_the_mist_lemuel
Swamp:3:  layout_basic_swamp, nicolae_swamp_round_clearing, uniq_mlioglotl
Swamp:4:  swamp_pestilence, layout_basic_swamp, swamp_pool5
Orc:1:    layout_caves, basic_altar, minmay_shop_mass
Orc:2:    grunt_orc_cross, layout_caves, gauntlet_entry_generic, serial_shops,
          shop_statue, minmay_orc_keep, uniq_snorg

Skill      XL: |  1  2  3  4  5  6  7  8  9 10 11 12 13 14 15 16 17 |
---------------+----------------------------------------------------+-----
Polearms       | 4 5 6 8 11 14 15 17 20 | 20.0
Bows           | 4 7 8 12 15 19 | 19.7
Armour         | 4 10 12 14 | 14.6
Fighting       | 6 9 12 14 | 14.4
Evocations     | 7 |  7.1
Invocations    | 3 6 7 9 10 | 10.1
Dodging        | 5 7 |  7.7
Stealth        | |  1.5

Action                   |  1- 3 |  4- 6 |  7- 9 | 10-12 | 13-15 | 16-18 || total
-------------------------+-------+-------+-------+-------+-------+-------++-------
Melee: Spear             |    53 |       |    12 |       |       |       ||    65
       Headbutt          |    11 |    13 |     9 |    10 |    23 |    11 ||    77
       Dagger            |    21 |    96 |       |       |       |       ||   117
       Punch             |     1 |     1 |     1 |     3 |       |       ||     6
       Trident           |       |       |    34 |    29 |    65 |       ||   128
       Short sword       |       |       |     4 |       |       |       ||     4
       Glaive            |       |       |       |       |       |    45 ||    45
 Fire: Shortbow          |       |    87 |   198 |   509 |   487 |     1 ||  1282
       Longbow           |       |       |       |       |   615 |   447 ||  1062
Throw: Stone             |    17 |    16 |    10 |       |       |       ||    43
Invok: Ancestor Life: Kn |       |       |     1 |       |       |       ||     1
       Recall Ancestor   |       |       |     1 |     5 |     9 |     1 ||    16
       Idealise          |       |       |       |       |     9 |     5 ||    14
       Transference      |       |       |       |       |       |     1 ||     1
Evoke: Wand              |       |       |       |     4 |    19 |    11 ||    34
       Condenser vane    |       |       |       |     2 |     4 |     3 ||     9
  Use: Potion            |       |     2 |       |       |     6 |    18 ||    26
       Scroll            |       |     7 |     7 |     7 |    14 |    12 ||    47
 Stab: Sleeping          |     2 |     2 |       |       |       |       ||     4
       Distracted        |       |       |     1 |       |       |     2 ||     3
       Invisible         |       |       |       |       |     3 |       ||     3
       Paralysed         |       |       |       |       |       |     2 ||     2
       Confused          |       |       |       |       |       |     1 ||     1
Armor: Robe              |     9 |       |       |       |       |       ||     9
       Ring mail         |     8 |    46 |       |       |       |       ||    54
       Skin              |       |     2 |       |       |       |       ||     2
       Scale mail        |       |       |    13 |       |       |       ||    13
       Chain mail        |       |       |    31 |   136 |    74 |       ||   241
       Plate armour      |       |       |       |       |    44 |   111 ||   155
Dodge: Dodged            |    35 |    88 |    35 |   119 |   145 |    81 ||   503

Table legend: (Time is in decaauts)
 A = Elapsed time spent in this place.
 B = Non-inter-level travel time spent in this place.
 C = Inter-level travel time spent in this place.
 D = Time resting spent in this place.
 E = Time spent auto-exploring this place.
 F = Levels seen in this place.
 G = Mean time per level.
                   A        B        C        D        E       F      G
               +--------+--------+--------+--------+--------+-----+--------+
         Total |  39566 |  37366 |   2200 |  13009 |  17912 |  28 | 1413.1 |
       Dungeon |  21968 |  20348 |   1620 |   6850 |  10362 |  15 | 1464.5 |
        Temple |    161 |    143 |     18 |      0 |    120 |   1 |  161.0 |
          Lair |   7317 |   7108 |    209 |   1643 |   4167 |   5 | 1463.4 |
         Swamp |   5789 |   5679 |    110 |   2695 |   1917 |   4 | 1447.2 |
  Orcish Mines |   2959 |   2718 |    241 |   1100 |    932 |   2 | 1479.5 |
         Sewer |   1369 |   1369 |      0 |    719 |    412 |   1 | 1369.0 |
               +--------+--------+--------+--------+--------+-----+--------+

Top non-repeatable levels by time:
    D:15: 2465 daAuts
    D:14: 2299 daAuts
 Swamp:2: 2103 daAuts
  Lair:3: 1959 daAuts
  Lair:2: 1723 daAuts
    D:10: 1686 daAuts
     D:5: 1667 daAuts
     D:3: 1578 daAuts
    D:12: 1550 daAuts
     D:8: 1509 daAuts
   Orc:1: 1493 daAuts
   Orc:2: 1465 daAuts
  Lair:4: 1455 daAuts
 Swamp:3: 1446 daAuts
   Sewer: 1369 daAuts
